 Dungeon Crawl Stone Soup version 0.29.1-12-g30fa7ad0bf (webtiles) character file.

Game seed: 12159813406019746319

1096 xian the Covert (level 8, -2/34 HPs)
             Began as a Felid Conjurer on Jan 4, 2023.
             Was a Follower of Vehumet.
             Slain by an orc warrior
             ... wielding a +0 halberd
              (18 damage)
             ... on level 8 of the Dungeon.
             The game lasted 00:20:24 (10385 turns).

xian the Covert (Felid Conjurer)                   Turns: 10385, Time: 00:20:25

Health: -2/34      AC:  2    Str:  9    XL:     8   Next: 10%
Magic:  5/18       EV: 20    Int: 24    God:    Vehumet [*.....]
Gold:   340        SH:  0    Dex: 14    Spells: 12/20 levels left
                                        Lives:  0   Deaths: 2

rFire   . . .      SeeInvis +     - Unarmed
rCold   . . .      Faith    .   (shield unavailable)
rNeg    . . .      Spirit   .   (body armour unavailable)
rPois   .          Reflect  .   (helmet unavailable)
rElec   .          Harm     .   (cloak unavailable)
rCorr   .          Rampage  .   (gloves unavailable)
Will    +....                   (boots unavailable)
Stlth   ++++......              (no amulet)
HPRegen 0.11/turn               n - +6 ring of strength
MPRegen 0.16/turn               o - ring of flight

@: flying, quick
A: very small, claws 1, fangs 3, see invisible, speed 1, shaggy fur 2, stealthy
paws, no weapons or thrown items, no armour, multi-lived
a: Renounce Religion


You were on level 8 of the Dungeon.
You worshipped Vehumet.
Vehumet was aware of your devotion.
You visited 2 branches of the dungeon, and saw 9 of its levels.

You collected 340 gold pieces.

Inventory:

Jewellery
 n - a +6 ring of strength (left paw)
 o - a ring of flight (right paw)
Wands
 f - a wand of flame (43)
 k - a wand of paralysis (2)
 l - a wand of iceblast (25)
 q - a wand of polymorph (2)
 s - a wand of mindburst (4)
 t - a wand of light (5)
Scrolls
 b - 5 scrolls of teleportation
 c - 3 scrolls of enchant armour {unknown}
 m - a scroll of vulnerability {unknown}
 p - a scroll of fog
 r - a scroll of poison
 u - a scroll of immolation {unknown}
Potions
 a - 3 potions of magic
 d - 2 potions of mutation {unknown}
 e - 5 potions of heal wounds {unknown}
 g - a potion of ambrosia
 h - 5 potions of curing {unknown}
 i - a potion of brilliance {unknown}
 j - a potion of cancellation {unknown}
 v - a potion of resistance {unknown}


   Skills:
 + Level 2.4 Fighting
 + Level 6.9 Dodging
 + Level 8.6 Stealth
 + Level 3.4 Unarmed Combat
 + Level 6.6 Spellcasting
 + Level 7.2 Conjurations
 + Level 0.2 Hexes
 + Level 0.5 Translocations


You had 12 spell levels left.
You knew the following spells:

 Your Spells              Type           Power      Damage    Failure   Level
a - Magic Dart            Conj           100%       1d8       1%          1
b - Searing Ray           Conj           86%        2d7       1%          2
c - Slow                  Hex            36%        N/A       7%          1
d - Iskenderun's Mystic   Conj/Tloc      26%        2d7       14%         4

Your spell library contained the following spells:

 Spells                   Type           Power      Damage    Failure   Level
 Foxfire                  Conj/Fire      100%       2x1d9     1%          1
 Dazzling Flash           Conj/Hex       52%        N/A       4%          3
 Apportation              Tloc           20%        N/A       6%          1
 Necrotise                Necr           28%        1d5       8%          1
 Summon Small Mammal      Summ           28%        N/A       8%          1
 Fulminant Prism          Conj/Hex       13%        3d9       16%         4
 Confusing Touch          Hex            9%         N/A       21%         3
 Vampiric Draining        Necr           7%         2d6       22%         3


Dungeon Overview and Level Annotations

Branches:
Dungeon (8/15)             Temple (1/1) D:5
   Lair: D:8-11

Altars:
Ashenzari
Cheibriados
Dithmenos
Elyvilon
Fedhas
Gozag
Hepliaklqana
Kikubaaqudgha
Makhleb
Nemelex Xobeh
Okawaru
Ru
Sif Muna
Trog
Uskayaw
Vehumet
Wu Jian
Xom
Yredelemnul
Zin
The Shining One


Innate Abilities, Weirdness & Mutations

You have sharp claws.
You have razor-sharp teeth.
You have supernaturally acute eyesight. (SInv)
You cover ground quickly. (Speed+)
You are covered in thick fur. (AC +2)
Your paws help you pounce on unaware monsters.
You are incapable of wielding weapons or throwing items.
You cannot wear armour.
You gain extra lives every three experience levels.


Message History

Aim: an orc warrior, wielding a +0 halberd and wearing a +0 plate armour (82% to hit)
The searing ray hits the orc!
You kill the orc!
Vehumet accepts your kill.
The searing ray misses the orc warrior. (Press . to maintain the ray.)
The searing ray misses the orc warrior.
The orc warrior hits you from afar with a +0 halberd!
The searing ray hits the orc!
You kill the orc!
Vehumet accepts your kill.
The searing ray hits the orc warrior.
The orc warrior is lightly wounded.
The orc warrior closely misses you.
The searing ray hits the orc warrior.
The orc warrior is lightly wounded.
You finish channelling your searing ray.
The orc warrior completely misses you. The orc warrior barely misses you.
Casting: Searing Ray (safe; 1% risk of failure)
Confirm with . or Enter, or press ? or * to list all spells.
Aiming: Searing Ray (safe; 1% risk of failure)
Press: ? - help, Shift-Dir - straight line, f/p - orc warrior
Aim: an orc warrior, wielding a +0 halberd and wearing a +0 plate armour (lightly wounded, 82% to hit)
The searing ray hits the orc warrior but does no damage.
The orc warrior is lightly wounded. (Press . to maintain the ray.)
The orc warrior closely misses you.
The searing ray misses the orc warrior.
The orc warrior completely misses you.
The searing ray hits the orc warrior.
The orc warrior is moderately wounded.
The orc warrior misses you.
The searing ray hits the orc warrior but does no damage.
The orc warrior is moderately wounded.
You finish channelling your searing ray.
The orc warrior misses you. The orc warrior barely misses you.
The orc warrior hits you from afar with a +0 halberd!!
Ouch! That really hurt!
You die...

## .## ..## ### ...#
##.# ..########..###
.####..##..)..####
###....###....##@##
###.....###....#).##
#..>............o..#
....#.........##..##
...###.......##...#
............##...)..
...###...##..........
...#.....###...........
.........# #.....#.....


You could see an orc warrior.

Vanquished Creatures
  Joseph (D:7)
  A gargoyle (D:8)
  A hornet (D:7)
  A water moccasin (D:8)
  2 black bears
  2 sky beasts (D:7)
  2 ice beasts (D:6)
  3 centaurs
  An ogre (D:5)
  A phantom (D:4)
  A kobold brigand (D:7)
  A bullfrog (D:8)
  2 scorpions (D:6)
  2 howler monkeys (D:5)
  2 jellies
  4 hounds
  Crazy Yiuf (D:7)
  A gnoll bouda (D:5)
  2 orc wizards
  7 iguanas
  11 gnolls
  5 adders
  A shadow imp (D:6)
  2 white imps
  An ufetubus (D:6)
  A worm (D:2)
  13 orcs
  4 bats
  7 endoplasms
  4 giant cockroaches
  4 goblins (D:1)
  11 hobgoblins
  4 jackals (D:3)
  11 kobolds
  6 quokkas
  10 ball pythons
  5 frilled lizards
  5 rats
143 creatures vanquished.

Vanquished Creatures (others)
  A plant (D:7)
1 creature vanquished.

Grand Total: 144 creatures vanquished

Notes
Turn   | Place    | Note
-------+----------+-------------------------------------------
     0 | D:1      | xian the Felid Conjurer began the quest for the Orb.
     0 | D:1      | Reached XP level 1. HP: 7/7 MP: 4/4
   127 | D:1      | Found a faded altar of an unknown god.
   270 | D:1      | Reached XP level 2. HP: 11/11 MP: 1/6
   302 | D:1      | Learned a level 2 spell: Searing Ray
   584 | D:1      | Reached skill level 3 in Stealth
  1283 | D:2      | Reached XP level 3. HP: 4/14 MP: 2/7
  2808 | D:2      | Reached XP level 4. HP: 10/18 MP: 1/8
  3476 | D:3      | Learned a level 1 spell: Slow
  4292 | D:4      | Found a shimmering blue altar of Sif Muna.
  4359 | D:4      | Reached XP level 5. HP: 21/21 MP: 7/10
  4442 | D:4      | Reached skill level 5 in Conjurations
  4523 | D:4      | Reached skill level 4 in Stealth
  4567 | D:4      | Noticed a phantom
  4631 | D:4      | Killed a phantom
  4632 | D:4      | Gained mutation: You are covered in thick fur. (AC +2)
                  | [Felid growth]
  4632 | D:4      | Reached XP level 6. HP: 11/25 MP: 1/12
  5189 | D:5      | Entered Level 5 of the Dungeon
  5426 | D:5      | Found a sacrificial altar of Ru.
  5433 | D:5      | Reached skill level 1 in Fighting
  5446 | D:5      | Reached skill level 5 in Stealth
  5446 | D:5      | Reached skill level 1 in Unarmed Combat
  5688 | D:5      | Found a staircase to the Ecumenical Temple.
  5708 | D:5      | Found a shadowy altar of Dithmenos.
  5714 | D:5      | Reached XP level 7. HP: 12/28 MP: 1/13
  6022 | Temple   | Entered the Ecumenical Temple
  6085 | Temple   | Became a worshipper of Vehumet
  6904 | D:6      | Learned a level 4 spell: Iskenderun's Mystic Blast
  6997 | D:6      | Found an opulent altar of Gozag.
  7067 | D:6      | Reached skill level 6 in Stealth
  7189 | D:6      | Found a hazy altar of Hepliaklqana.
  7228 | D:6      | Reached XP level 8. HP: 32/32 MP: 9/16
  7241 | D:6      | Reached skill level 5 in Spellcasting
  7564 | D:6      | Reached skill level 5 in Dodging
  8569 | D:7      | Noticed Joseph
  8585 | D:7      | Killed Joseph
  8586 | D:7      | Reached skill level 7 in Stealth
  8849 | D:7      | Found a sparkling altar of Nemelex Xobeh.
  9155 | D:7      | Noticed a hornet
  9165 | D:7      | Killed a hornet
  9166 | D:7      | Reached XP level 9. HP: 36/36 MP: 5/19
  9391 | D:7      | Reached * piety under Vehumet
  9391 | D:7      | Offered knowledge of Foxfire by Vehumet.
  9392 | D:7      | Reached skill level 8 in Stealth
  9424 | D:7      | Found a blossoming altar of Fedhas.
  9489 | D:7      | Found an iron altar of Okawaru.
  9508 | D:7      | HP: 1/36 [poisoned by an orc wizard]
  9509 | D:7      | Succumbed to an orc wizard's poison
  9510 | D:7      | Reached XP level 8. HP: 0/33 MP: 6/18
  9737 | D:7      | Found a runed translucent door.
  9738 | D:7      | Noticed Crazy Yiuf
  9925 | D:7      | Killed Crazy Yiuf
 10124 | D:8      | Shot with an arrow by a centaur
 10125 | D:8      | Reached XP level 7. HP: -5/30 MP: 14/17
 10126 | D:8      | Noticed a gargoyle
 10136 | D:8      | Killed a gargoyle
 10137 | D:8      | Reached XP level 8. HP: 12/34 MP: 8/18
 10385 | D:8      | Slain by an orc warrior

Illustrated notes

Levels and vault maps discovered:
D:1:      minmay_arrival_four_loops, layout_rooms,
          ebering_ecumenical_altar_sacrificial, hangedman_decor_growths
D:2:      minmay_diamond_boxcup, layout_basic
D:3:      layout_basic
D:4:      layout_loops_ring, marbit_many_paths, hangedman_abyss_or_decor_slice
D:5:      layout_basic, mainiacjoe_overflow_catwalk_spiral,
          minmay_temple_entry_sparse_star
D:6:      layout_loops_corners, mainiacjoe_overflow_surrounded_room,
          nicolae_gozag_cash_rules_everything_around_me
D:7:      layout_basic, fedhas_ov_isle_minmay, nicolae_overflow_crystal_walls,
          old_standard_altar, uniq_crazy_yiuf_cottage, uniq_joseph
D:8:      layout_cave_pools, uniq_gastronok, uniq_maggie
Temple:   cyrus_circular_temple

Skill      XL: |  1  2  3  4  5  6  7  8  9 |
---------------+----------------------------+-----
Conjurations   | 4 5 7 |  7.2
Stealth        | 3 4 5 6 7 8 |  8.6
Dodging        | 3 4 6 |  6.9
Spellcasting   | 3 4 6 |  6.6
Fighting       | 1 2 |  2.4
Unarmed Combat | 1 2 3 |  3.4
Hexes          | |  0.2
Translocations | |  0.5

Action                   |  1- 3 |  4- 6 |  7- 9 || total
-------------------------+-------+-------+-------++-------
Melee: Unarmed           |     4 |    26 |    27 ||    57
       Bite              |       |     2 |     2 ||     4
       Punch             |       |       |     1 ||     1
 Cast: Magic Dart        |    69 |    56 |    70 ||   195
       Searing Ray       |     8 |    19 |    52 ||    79
       Slow              |       |       |     1 ||     1
       Iskenderun's Myst |       |       |     1 ||     1
Evoke: Wand              |       |       |     1 ||     1
  Use: Potion            |       |     1 |       ||     1
       Scroll            |       |       |     6 ||     6
 Stab: Sleeping          |     1 |     1 |     9 ||    11
       Paralysed         |       |       |     1 ||     1
Armor: Skin              |     2 |     6 |     3 ||    11
Dodge: Dodged            |    10 |    63 |   114 ||   187
